 Dungeon Crawl Stone Soup version 0.30-a0-591-g3c58d2bc28 (webtiles) character file.

Game seed: 334826595288474856

66 spardeous the Digger (level 3, 0/14 HPs)
             Began as a Felid Earth Elementalist on Jan 5, 2023.
             Killed by divine providence
             ... invoked by an orc priest
              (14 damage)
             ... on level 3 of the Dungeon.
             The game lasted 00:02:08 (1673 turns).

spardeous the Digger (Felid Earth Elementalist)     Turns: 1673, Time: 00:02:09

Health: 0/14       AC:  1    Str:  4    XL:     3   Next: 96%
Magic:  7/7        EV: 18    Int: 18    God:
Gold:   111        SH:  0    Dex: 16    Spells: 5/6 levels left
                                        Lives:  0   Deaths: 0

rFire   . . .      SeeInvis +    (weapon unavailable)
rCold   . . .      Faith    .    (shield unavailable)
rNeg    . . .      Spirit   .    (body armour unavailable)
rPois   .          Reflect  .    (helmet unavailable)
rElec   .          Harm     .    (cloak unavailable)
rCorr   .          Rampage  .    (gloves unavailable)
Will    +....                    (boots unavailable)
Stlth   ++                       (no amulet)
HPRegen 0.22/turn                e - ring of willpower
MPRegen 0.10/turn                (no ring)

@: quick
A: very small, claws 1, fangs 3, see invisible, speed 1, shaggy fur 1, stealthy
paws, no weapons or thrown items, no armour, multi-lived
a: no special abilities


You were on level 3 of the Dungeon.
You visited 1 branch of the dungeon, and saw 3 of its levels.

You collected 111 gold pieces.

Inventory:

Jewellery
 e - a ring of willpower (left paw)
Scrolls
 b - 5 scrolls of identify {unknown}
 c - 3 scrolls of teleportation {unknown}
 d - a scroll of magic mapping {unknown}
 g - a scroll of fear {unknown}
 h - a scroll of brand weapon {unknown}
Potions
 a - a potion of magic
 f - a potion of cancellation {unknown}


   Skills:
 + Level 3.5 Dodging
 - Level 2.6 Stealth
 - Level 2.0 Spellcasting
 - Level 1.1 Transmutations
 * Level 4.1 Earth Magic


You had 5 spell levels left.
You knew the following spells:

 Your Spells              Type           Power      Damage    Failure   Level
a - Sandblast             Erth           32%        2d9       3%          1

Your spell library contained the following spells:

 Spells                   Type           Power      Damage    Failure   Level
 Passwall                 Tmut/Erth      9%         N/A       10%         2
 Sting                    Tmut/Pois      12%        1d3       14%         1
 Stone Arrow              Conj/Erth      18%        3d8       24%         3
 Poisonous Vapours        Pois/Air       2%         N/A       26%         2
 Petrify                  Tmut/Erth      11%        N/A       52%         4
 Airstrike                Air            0%         2d(1-17)  87%         4
 Olgreb's Toxic Radiance  Pois           1%         N/A       87%         4
 Summon Lightning Spire   Summ/Air       1%         N/A       87%         4
 Lightning Bolt           Conj/Air       0%         1d11      99%         5


Dungeon Overview and Level Annotations

Branches:
Dungeon (3/15)

Altars:


Innate Abilities, Weirdness & Mutations

You have sharp claws.
You have razor-sharp teeth.
You have supernaturally acute eyesight. (SInv)
You cover ground quickly. (Speed+)
You are covered in fur. (AC +1)
Your paws help you pounce on unaware monsters.
You are incapable of wielding weapons or throwing items.
You cannot wear armour.
You gain extra lives every three experience levels.


Message History

The blast of sand hits the bat.
The bat is severely wounded.
The bat barely misses you. The bat misses you.
Unknown command.
A bat is nearby!
A bat is nearby!
A bat is nearby!
Casting: Sandblast (safe; 3% risk of failure)
Confirm with . or Enter, or press ? or * to list all spells.
Aiming: Sandblast (safe; 3% risk of failure)
Press: ? - help, Shift-Dir - straight line, f/p - bat
Aim: a bat (heavily wounded, 73% to hit)
The blast of sand misses the bat.
The bat hits you but does no damage. The bat barely misses you.
A bat is nearby!
A bat is nearby!
A bat is nearby!
Casting: Sandblast (safe; 3% risk of failure)
Confirm with . or Enter, or press ? or * to list all spells.
Aiming: Sandblast (safe; 3% risk of failure)
Press: ? - help, Shift-Dir - straight line, f/p - bat
Aim: a bat (heavily wounded, 73% to hit)
The blast of sand hits the bat.
You kill the bat!
Magic restored.
You see here a bat corpse.
An orc priest comes into view. It is wielding a +0 hand axe.
The orc priest shouts!
An orc priest is nearby!
An orc priest is nearby!
An orc priest is nearby!
An orc priest is nearby!
Casting: Sandblast (safe; 3% risk of failure)
Confirm with . or Enter, or press ? or * to list all spells.
You can't see any susceptible monsters within range! (Use Z to cast anyway.)
An orc comes into view. It is wielding a +0 whip.
The orc priest calls down the wrath of Beogh upon you.
Beogh smites you!
Ouch! That really hurt!
You die...

...o..
..... o...
... ###..
... #.# #@#
#.# #.# #.#
#.#
#.#########
#.........#
#########.#
#.#


You could see an orc priest and an orc (wandering).

Vanquished Creatures
  An adder (D:2)
  A worm (D:2)
  A dart slug (D:1)
  3 bats
  4 endoplasms
  4 giant cockroaches
  4 hobgoblins
  8 jackals
  2 kobolds (D:1)
  A quokka (D:2)
  7 ball pythons
  A frilled lizard (D:1)
  6 goblins
  3 rats (D:2)
46 creatures vanquished.

Notes
Turn   | Place    | Note
-------+----------+-------------------------------------------
     0 | D:1      | spardeous the Felid Earth Elementalist began the quest for
                  | the Orb.
     0 | D:1      | Reached XP level 1. HP: 7/7 MP: 4/4
   113 | D:1      | Reached skill level 3 in Earth Magic
   158 | D:1      | Reached XP level 2. HP: 11/11 MP: 3/6
   602 | D:1      | Reached XP level 3. HP: 12/14 MP: 3/7
  1050 | D:2      | Reached skill level 4 in Earth Magic
  1673 | D:3      | Killed from afar by an orc priest

Illustrated notes

Levels and vault maps discovered:
D:1:      sevenhm_arrival_forest_fort_small_1, layout_rooms,
          minmay_misc_feat_five
D:2:      layout_rooms
D:3:      layout_basic, elyvilon_altar_5, shapermc_ecumenical_altar_flowoftime,
          uniq_sigmund

Skill      XL: |  1  2  3 |
---------------+----------+-----
Earth Magic    | 3 4 |  4.1
Dodging        | 3 |  3.5
Stealth        | |  2.6
Spellcasting   | |  2.0
Transmutations | |  1.1

Action                   || total
-------------------------++-------
Melee: Unarmed           ||    11
       Bite              ||     2
 Cast: Sandblast         ||    64
Armor: Skin              ||     6
Dodge: Dodged            ||    39

Table legend: (Time is in decaauts)
 A = Elapsed time spent in this place.
 B = Non-inter-level travel time spent in this place.
 C = Inter-level travel time spent in this place.
 D = Time resting spent in this place.
 E = Time spent auto-exploring this place.
 F = Levels seen in this place.
 G = Mean time per level.
                   A        B        C        D        E       F      G
               +--------+--------+--------+--------+--------+-----+--------+
         Total |   1506 |   1467 |     39 |      0 |   1235 |   3 |  502.0 |
       Dungeon |   1506 |   1467 |     39 |      0 |   1235 |   3 |  502.0 |
               +--------+--------+--------+--------+--------+-----+--------+

Top non-repeatable levels by time:
     D:1: 794 daAuts
     D:2: 618 daAuts
     D:3: 94 daAuts
